 Dungeon Crawl Stone Soup version 0.31-a0-204-g7da18cac08 (webtiles) character file.

Game seed: 13457049793094497992

18 qw the Shooter (level 2, -2/16 HPs)
             Began as a Deep Elf Hunter on June 27, 2023.
             Killed from afar by Sigmund (7 damage)
             ... with a puff of flame
             ... on level 1 of the Dungeon.
             The game lasted 00:00:16 (649 turns).

qw the Shooter (Deep Elf Hunter)                     Turns: 649, Time: 00:00:17

Health: -2/16      AC:  5    Str:  8    XL:     2   Next: 48%
Magic:  4/4        EV: 10    Int: 13    God:
Gold:   50         SH:  0    Dex: 18    Spells: 1/1 levels left

rFire   . . .        Y - +0 shortbow
rCold   . . .        (shield currently unavailable)
rNeg    . . .        i - +0 ring mail
rPois   .            (no helmet)
rElec   .            (no cloak)
rCorr   .            (no gloves)
SInv    .            (no boots)
Will    .....        (no amulet) Stlth
                     (no ring)
HPRegen 0.22/turn    (no ring)
MPRegen 0.09/turn

%: no passive effects
@: confused
A: no striking features
a: no special abilities


You were on level 1 of the Dungeon.
You visited 1 branch of the dungeon, and saw 2 of its levels.

You collected 50 gold pieces.


   Skills:
 - Level 1.5 Fighting
 + Level 6.3 Ranged Weapons
 - Level 2.4 Dodging
 - Level 1.2 Stealth


You had one spell level left.
You didn't know any spells.
Your spell library was empty.

Inventory:

Hand Weapons
 Y - a +0 shortbow (weapon)
Armour
 i - a +0 ring mail (worn)
Potions
 e - a potion of might {unknown}
 g - a potion of berserk rage {unknown}
 j - a potion of resistance {unknown}
 k - a potion of haste {unknown}

Dungeon Overview and Level Annotations

Branches:
Dungeon (2/15)

Altars:

Annotations:
D:1 Sigmund


Message History

You shoot an arrow. Something hits you.
You shoot an arrow.
You hear some strange, mumbled words.
Something tries to affect you, but you resist.
You hear some strange, mumbled words.
You are confused.
You shoot an arrow. Something hits you but does no damage.
You shoot an arrow. You shoot an arrow. Something hits you but does no damage.
You shoot an arrow. Something hits you but does no damage.
You shoot an arrow.
You feel less confused.
You hear some strange, mumbled words.
A puff of flame appears from out of thin air!
The puff of flame hits you.
You shoot an arrow. Something hits you but does no damage.
You shoot an arrow. Something hits you.
You shoot an arrow. Something hits you but does no damage.
You shoot an arrow.
You hear some strange, mumbled words.
Something tries to affect you, but you resist.
You shoot an arrow.
You hear some strange, mumbled words.
You are confused.
You shoot an arrow.
You hear some strange, mumbled words.
A magic dart appears from out of thin air!
The magic dart hits you.
You shoot an arrow.
You hear some strange, mumbled words.
A puff of flame appears from out of thin air!
The puff of flame hits you!
You die...

#.#.# #.##?#.. #.#.#
#.#.##.. #.#.# #.......
#.#.# ####.... ###'#.##
##.... ####......# #.....
#.........# #.....
#...:.....####.....
#.@................
#..{.###.#####.....
##.....#.# #.....
########...#.#.#####.####
#.#((#.......#.........>.
#.#(.#####...#######.####
#.##'#...............####
#.#...........#......#...
#.#.#................#.7.


There were no monsters in sight!

Vanquished Creatures
  6 endoplasms (D:1)
  A giant cockroach (D:1)
  2 goblins (D:1)
  2 quokkas (D:1)
  A frilled lizard (D:1)
  A kobold (D:1)
  2 rats (D:1)
15 creatures vanquished.

Notes
Turn   | Place    | Note
-------+----------+-------------------------------------------
     0 | D:1      | qw the Deep Elf Hunter began the quest for the Orb.
     0 | D:1      | Reached XP level 1. HP: 12/12 MP: 3/3
     0 | D:1      | 0 ||| qw: Version: 0.3-a-22-g0ed2b0b
     0 | D:1      | 0 ||| qw: Game counter: 6388
     0 | D:1      | 0 ||| qw: Melee chars always use a shield: true
     0 | D:1      | 0 ||| qw: God list: Okawaru
     0 | D:1      | 0 ||| qw: Allow faded altars: false
     0 | D:1      | 0 ||| qw: Do Orc after clearing Dungeon:15 true
     0 | D:1      | 0 ||| qw: Do second Lair branch before Depths: true
     0 | D:1      | 0 ||| qw: Lair rune preference: random
     0 | D:1      | 0 ||| qw: Goals: Normal
     0 | D:1      | 0 ||| PLANNING D:1-11
   225 | D:1      | Reached XP level 2. HP: 16/16 MP: 4/4
   252 | D:1      | Reached skill level 6 in Ranged Weapons
   528 | D:1      | 528 ||| UPGRADING to +0 ring mail.
   538 | D:1      | 538 ||| DROPPING +0 leather armour.
   539 | D:1      | 539 ||| DROPPING ring of flight.
   540 | D:1      | 540 ||| READING scroll labelled CYCOOR LINIEDU.
   541 | D:1      | 541 ||| DRINKING 2 bubbling yellow potions.
   542 | D:1      | 542 ||| DROPPING scroll of butterflies.
   563 | D:2      | Noticed Sigmund
   568 | D:2      | 568 ||| STAIRDANCE
   594 | D:2      | 594 ||| STAIRDANCE
   628 | D:2      | 628 ||| STAIRDANCE
   630 | D:1      | 630 ||| DRINKING potion of curing.
   630 | D:1      | 630 ||| (to cure confusion)
   649 | D:1      | Killed from afar by Sigmund

Levels and vault maps discovered:
D:1:      lightli_arrival_windingriver, layout_basic, supply_closet_lemuel,
          minmay_misc_feat_tiny, minmay_liquid_box, minmay_split_cup_large
D:2:      layout_basic, ebering_ecumenical_altar_webs, uniq_natasha,
          uniq_sigmund

Skill      XL: |  1  2 |
---------------+-------+-----
Ranged Weapons | 6 |  6.3
Fighting       | |  1.5
Dodging        | |  2.4
Stealth        | |  1.2

Action                     || total
---------------------------++-------
   Fire: Shortbow          ||    59
    Use: Potion            ||     2
         Scroll            ||     1
 Armour: Leather armour    ||     3
         Ring mail         ||     6
  Dodge: Dodged            ||    10

Table legend:
 A = Non-vault XP
 B = Vault XP
 C = Vault XP percentage of total XP
 D = Non-vault monster count
 E = Vault monster count
 F = Vault count percentage of total count
                 A         B        C        D         E       F
            +---------+---------+-------+---------+---------+-------
      Total |      20 |       6 |  23.1 |      11 |       4 |  26.7
            +---------+---------+-------+---------+---------+-------
        D:1 |      20 |       6 |  23.1 |      11 |       4 |  26.7
            +---------+---------+-------+---------+---------+-------
